 Dungeon Crawl Stone Soup version 0.25.1-2-g60ff931df9 (webtiles) character file.

Game seed: 1218104434887029424

42 Auguste the Covered (level 3, -2/23 HPs)
             Began as a Gargoyle Fighter on Nov 15, 2020.
             Slain by a shadow imp (4 damage)
             ... summoned by Natasha
             ... on level 2 of the Dungeon.
             The game lasted 00:13:10 (1824 turns).

Auguste the Covered (Gargoyle Fighter)              Turns: 1824, Time: 00:13:11

Health: -2/23      AC: 14    Str: 19 (20) XL:     3   Next: 54%
Magic:  3/3        EV:  5    Int:  7 (8)  God:
Gold:   71         SH:  8    Dex:  6 (9)  Spells: 2/2 levels left

rFire    . . .     SeeInvis .   a - +0 flail
rCold    . . .     Gourm    .   c - +0 kite shield
rNeg     + . .     Faith    .   g - +1 chain mail
rPois    ∞         Spirit   .   (no helmet)
rElec    +         Reflect  .   (no cloak)
rCorr    .         Harm     .   e - +0 pair of gloves
MR       .....                  (no boots)
Stlth    ..........             (no amulet)
HPRegen  0.07/turn              (no ring)
MPRegen  0.08/turn              (no ring)

@: slowed, very slow
A: negative energy resistance 1, electricity resistance, unbreathing,
petrification resistance, rot immunity, AC +3
a: no special abilities


You were on level 2 of the Dungeon.
You were not hungry.

You visited 1 branch of the dungeon, and saw 2 of its levels.

You collected 71 gold pieces.

Inventory:

Hand Weapons
 a - a +0 flail (weapon)
 h - a +0 dagger
 j - a +0 short sword
 k - a +0 dagger
 n - a +0 club
 p - a +0 club
Missiles
 o - 50 stones (quivered)
Armour
 b - a +0 scale mail
 c - a +0 kite shield (worn)
 e - a +0 pair of gloves (worn)
 g - a +1 chain mail (worn)
 i - a +0 robe
 s - a +0 leather armour
Potions
 d - a potion of might
 l - 2 potions of degeneration
 q - a potion of resistance
 r - a potion of cancellation {unknown}


   Skills:
 + Level 3.5 Fighting
 + Level 2.9 Maces & Flails
 + Level 3.7 Armour
 + Level 0.2 Dodging
 + Level 3.4 Shields


You had 2 spell levels left.
You didn't know any spells.
Your spell library was empty.

Dungeon Overview and Level Annotations

Branches:
Dungeon (2/15)

Altars:

Annotations:
D:2 Natasha


Innate Abilities, Weirdness & Mutations

You are resistant to torment.
Your stone body is resilient. (AC +3)
You are immune to poison.
You resist negative energy. (rN+)
You are resistant to electric shocks. (rElec)
You can survive without breathing.
You are immune to petrification.
You are immune to rotting.


Message History

Natasha claws you.
* * * LOW HITPOINT WARNING * * *
You eat the ration.
That ration really hit the spot!
Natasha mumbles some strange words.
You closely miss Natasha.
Natasha is almost dead.
Natasha casts a spell at you. The magic dart hits you.
* * * LOW HITPOINT WARNING * * *
Natasha mumbles some strange words.
The crimson imp blinks!
Natasha hisses.
The crimson imp blinks!
Natasha barely misses you.
Natasha stares at you and mumbles some strange words.
You feel yourself slow down.
The crimson imp disappears in a puff of smoke!
Natasha casts a spell.
The shadow imp hits you.
You die...

. . .#. ..5 #.# ##### #.#
#...# #5# #.#.# #.#
#.#@##########.#
#.#.5h....5....#
########.##############
.........##################
............##............^
###########....############
######


You could see Natasha (resistant), a crimson imp (summoned) and a shadow imp
(summoned).

Vanquished Creatures
  A worm (D:2)
  3 dart slugs (D:1)
  2 goblins (D:1)
  5 hobgoblins
  7 jackals (D:1)
  A ball python (D:1)
  3 bats (D:1)
  5 kobolds
  4 rats (D:1)
31 creatures vanquished.

Notes
Turn   | Place    | Note
-------+----------+-------------------------------------------
     0 | D:1      | Auguste the Gargoyle Fighter began the quest for the Orb.
     0 | D:1      | Reached XP level 1. HP: 14/14 MP: 1/1
   269 | D:1      | Reached XP level 2. HP: 19/19 MP: 2/2
   820 | D:1      | Reached XP level 3. HP: 12/23 MP: 3/3
  1799 | D:2      | Noticed Natasha
  1811 | D:2      | HP: 1/23 [Natasha/magic dart (3)]
  1824 | D:2      | Slain by a shadow imp

Illustrated notes

Levels and vault maps discovered:
D:1:      sevenhm_arrival_forest_fort_small_6, layout_basic, minmay_cupped
D:2:      layout_loops_ring, lemuel_round_altar,
          grunt_temple_overflow_order_and_chaos_2, uniq_natasha

Action                   || total
-------------------------++-------
Melee: Flail             ||   115
  Use: Scroll            ||     5
       Potion            ||     2
  Eat: Chunk             ||     3
       Ration            ||     1
Armor: Scale mail        ||    47
       Chain mail        ||    82
Dodge: Dodged            ||    45
Block: Kite shield       ||    90
